 Dungeon Crawl Stone Soup version 0.20.1-1-g8b1a95d (webtiles) character file.

22409 lorenzova the Eclecticist (level 12, 0/59 HPs)
             Began as a Deep Elf Conjurer on Sept 29, 2017.
             Was a High Priest of Vehumet.
             Killed from afar by an oklob plant (9 damage)
             ... with a splash of acid
             ... on level 3 of the Lair of Beasts.
             The game lasted 00:44:31 (17225 turns).

lorenzova the Eclecticist (Deep Elf Conjurer)      Turns: 17225, Time: 00:44:32

Health: 0/59       AC:  6    Str:  5    XL:     12   Next: 62%
Magic:  18/34      EV: 13    Int: 26    God:    Vehumet [*****.]
Gold:   480        SH:  0    Dex: 15    Spells: 28/44 levels left

rFire    . . .     SeeInvis .   B - staff of air
rCold    . . .     Gourm    .   (no shield)
rNeg     . . .     Faith    .   a - +0 robe
rPois    +         Spirit   .   (no helmet)
rElec    +         Reflect  .   I - +0 cloak
rCorr    .         Harm     .   r - +1 pair of gloves
MR       +....                  v - +0 pair of boots
Stlth    ++........             O - amulet of magic regeneration
Regen    0.2/turn               x - ring of wizardry
MPRegen  0.4/turn               k - ring of poison resistance

@: lethally poisoned (0 -> -2)
A: no striking features
a: Renounce Religion


You were on level 3 of the Lair of Beasts.
You worshipped Vehumet.
Vehumet was extremely pleased with you.
You were not hungry.

You visited 3 branches of the dungeon, and saw 14 of its levels.

You collected 920 gold pieces.
You spent 440 gold pieces at shops.

Inventory:

Hand Weapons
 h - a +0 short sword
Armour
 a - a +0 robe (worn)
 r - a +1 pair of gloves (worn)
 v - a +0 pair of boots (worn)
 I - a +0 cloak (worn)
Magical Staves
 B - an uncursed staff of air (weapon)
Jewellery
 k - a ring of poison resistance (right hand)
 x - a ring of wizardry (left hand)
 C - an uncursed ring of ice
 L - an uncursed ring of protection from fire
 O - an amulet of magic regeneration (around neck)
Wands
 G - a wand of polymorph (13/24)
 R - a wand of enslavement (14/24)
Scrolls
 b - 3 scrolls of fog {unknown}
 e - 4 scrolls of remove curse
 g - a scroll of enchant armour {unknown}
 l - a scroll of recharging {unknown}
 m - 6 scrolls of amnesia
 n - a scroll of silence {unknown}
 p - a scroll of immolation {unknown}
 w - 2 scrolls of random uselessness {unknown}
 y - 2 scrolls of blinking {unknown}
 A - 3 scrolls of teleportation
 E - a scroll of vulnerability {unknown}
 F - 4 scrolls of magic mapping {unknown}
 J - 2 scrolls of fear {unknown}
 K - a scroll of holy word {unknown}
 M - 2 scrolls of enchant weapon {unknown}
 S - a scroll of acquirement {unknown}
Potions
 d - 5 potions of berserk rage
 f - 5 potions of magic
 i - 2 potions of flight {unknown}
 j - a potion of lignification {unknown}
 o - 6 potions of agility
 s - 5 potions of curing
 t - 2 potions of might
 u - 4 potions of heal wounds
 z - a potion of brilliance {unknown}
 H - 2 potions of invisibility
 N - 2 potions of resistance
 Q - a potion of haste
Books
 D - a book of Debilitation

   Spells                             Type                      Level
   a - Corona                         Hexes                        1
   b - Slow                           Hexes                        2
   c - Inner Flame                    Hexes/Fire                   3
   d - Portal Projectile              Hexes/Translocation          3
   e - Cause Fear                     Hexes                        4
   f - Leda's Liquefaction            Hexes/Earth                  4
Comestibles
 c - 8 bread rations
 q - 8 meat rations
 P - 10 royal jellies


   Skills:
 - Level 2.4 Dodging
 - Level 2.4 Stealth
 * Level 16.6 Spellcasting
 * Level 15.0 Conjurations
 + Level 11.8 Hexes


You had 28 spell levels left.
You knew the following spells:

 Your Spells              Type           Power        Failure   Level  Hunger
a - Magic Dart            Conj           ####         0%          1    None
b - Searing Ray           Conj           ######       0%          2    None
c - Iskenderun's Mystic   Conj           #######.     1%          4    None
d - Fulminant Prism       Conj/Hex       ######....   1%          4    None
f - Conjure Flame         Conj/Fire      ######..     1%          3    None
q - Blink                 Tloc           N/A          1%          2    None


Dungeon Overview and Level Annotations

Branches:
Dungeon (10/15)            Temple (1/1) D:7            Lair (3/6) D:10
    Orc (0/2) D:10
  Swamp: Lair:2-4    Shoals: Lair:2-4     Snake: Lair:2-4    Spider: Lair:2-4

Altars:
Ashenzari
Cheibriados
Elyvilon
Fedhas
Gozag
Hepliaklqana
Kikubaaqudgha
Makhleb
Nemelex Xobeh
Ru
Sif Muna
Trog
Uskayaw
Vehumet
Xom
Yredelemnul
Zin

Shops:
D:4 !   D:5 (   D:8 *   D:9 *

Annotations:
Lair:3 exclusion: 2 oklob plants, Rupert


Message History

The splash of acid hits you!
You are splashed with acid!
The acid burns!
* * * LOW HITPOINT WARNING * * *
A basilisk comes into view.
You feel sick. The killer bee misses you.
A killer bee comes into view.
Why would you want to do that?
You feel sick. The killer bee stings you.
* * * LOW HITPOINT WARNING * * *
The killer bee stings you but does no damage.
A water moccasin and a rime drake come into view.
The rime drake moves out of view.
Your surroundings suddenly seem different.
You feel sick.
An elephant comes into view.
The elephant trumpets!
A wyvern comes into view.
The wyvern hisses angrily.
The oklob plant spits acid at you. The splash of acid hits you!
You die...

≈≈≈≈≈≈...#.#.
..#......≈≈≈≈≈≈≈≈≈...#..
#... ...≈≈≈≈≈≈≈≈≈.....#.
#(.F....≈≈≈≈≈≈≈≈P..#.#. ...
..≈≈≈##≈≈≈≈......# ..
......≈≈##≈≈≈≈≈....#.
..y.#.#.≈≈≈≈≈≈≈≈≈....#..
.Y.......≈≈≈≈≈≈≈≈P.y#...
#@P≈≈≈≈≈≈≈≈..y....
.........≈≈≈≈≈≈≈≈≈.y....
≈.≈.≈.P.≈≈≈≈≈##≈≈......†
≈≈≈≈≈≈≈≈≈≈≈≈≈##yy####...
#≈≈≈≈≈≈≈≈≈≈l≈≈≈≈≈≈t##......
#≈≈≈≈##≈≈≈≈≈≈≈?P≈≈≈ ##.....
#≈≈≈≈##≈≈≈≈≈kyP!≈≈≈ ##.....
#≈≈≈≈≈≈≈≈≈≈##ty≈≈≈ #......
#≈≈≈≈≈≈≈≈≈≈##≈≈≈≈ #......


You could see an elephant, 2 oklob plants, a spiny frog (wandering), a rime
drake (wandering), a crocodile, a wyvern and 3 killer bees.

Vanquished Creatures
  The ghost of Totori the Grappler, a journeyman TrMo of Cheibriados (Lair:2)
  3 hydras
  The ghost of raikaria the Cudgeler, a novice OgWz of Ashenzari (D:7)
  A two-headed ogre (D:8)
  3 black mambas
  6 spiny frogs
  4 komodo dragons
  A queen bee (D:8)
  A troll (D:10)
  5 blink frogs
  A hornet (D:7)
  7 hippogriffs
  4 wyverns
  Eustachio (D:4)
  3 basilisks (Lair:3)
  9 yaks
  2 hungry ghosts (D:7)
  2 wargs (D:10)
  2 porcupines (Lair:2)
  7 water moccasins
  6 orc warriors
  An ice beast (D:6)
  2 sky beasts
  3 black bears (D:7)
  4 ogres
  3 necrophages
  3 phantoms
  6 centaurs
  5 wolves (Lair:3)
  7 crocodiles
  A big kobold (D:10)
  A wyvern zombie (D:9)
  10 bullfrogs
  A water moccasin zombie (D:7)
  4 scorpions
  35 killer bees
  17 wights
  2 crimson imps
  A centaur zombie (D:6)
  11 hounds
  10 orc priests
  2 centaur skeletons
  An iguana (D:7)
  8 orc wizards
  7 worker ants
  A killer bee zombie (D:9)
  7 gnolls
  12 adders
  2 shadow imps
  An ooze (D:2)
  5 adder skeletons
  2 worms
  A dart slug (D:2)
  6 leopard geckos
  36 orcs
  3 bats
  2 giant cockroaches
  7 goblins
  5 hobgoblins
  3 jackals (D:1)
  9 kobolds
  A ball python (D:5)
  2 frilled lizards
  5 rats
  A butterfly (D:7)
  A plant (Lair:1)
327 creatures vanquished.

Vanquished Creatures (others)
  16 fulminant prisms
  2 fungi
18 creatures vanquished.

Grand Total: 345 creatures vanquished

Notes
Turn   | Place    | Note
-------+----------+-------------------------------------------
     0 | D:1      | lorenzova the Deep Elf Conjurer began the quest for the Orb.
     0 | D:1      | Reached XP level 1. HP: 10/10 MP: 6/6
   183 | D:1      | Reached XP level 2. HP: 15/15 MP: 6/8
   187 | D:1      | Learned a level 2 spell: Searing Ray
   456 | D:1      | Reached skill level 5 in Conjurations
   725 | D:2      | Reached XP level 3. HP: 19/19 MP: 3/10
  1135 | D:2      | Reached skill level 4 in Spellcasting
  1776 | D:3      | Reached XP level 4. HP: 24/24 MP: 1/12
  1888 | D:3      | Learned a level 4 spell: Iskenderun's Mystic Blast
  1893 | D:3      | Learned a level 4 spell: Fulminant Prism
  2535 | D:3      | Found a glowing silver altar of Zin.
  2650 | D:4      | Reached skill level 1 in Hexes
  2763 | D:4      | Noticed a phantom
  2771 | D:4      | Reached XP level 5. HP: 28/28 MP: 9/14
  2775 | D:4      | Reached skill level 5 in Spellcasting
  2776 | D:4      | Noticed Eustachio
  2946 | D:4      | Killed Eustachio
  2946 | D:4      | Reached XP level 6. HP: 32/32 MP: 1/16
  3218 | D:4      | Reached skill level 6 in Spellcasting
  3301 | D:4      | Found Ofikluots's Distillery.
  3383 | D:4      | Bought a potion of curing for 30 gold pieces
  3383 | D:4      | Bought a potion of degeneration for 10 gold pieces
  3383 | D:4      | Bought a potion of agility for 40 gold pieces
  3894 | D:4      | Learned a level 2 spell: Blink
  3898 | D:4      | Learned a level 3 spell: Conjure Flame
  3934 | D:5      | Entered Level 5 of the Dungeon
  4022 | D:5      | Found Ereebluo's Weapon Emporium.
  4195 | D:5      | Reached skill level 7 in Spellcasting
  4195 | D:5      | Reached XP level 7. HP: 29/36 MP: 10/19
  5089 | D:6      | Found a blossoming altar of Fedhas.
  5158 | D:6      | Reached skill level 8 in Spellcasting
  5350 | D:6      | Reached XP level 8. HP: 41/41 MP: 9/22
  5697 | D:6      | Reached skill level 9 in Spellcasting
  5815 | D:6      | Reached skill level 5 in Hexes
  6226 | D:7      | Noticed a hornet
  6238 | D:7      | Killed a hornet
  6238 | D:7      | Reached skill level 10 in Spellcasting
  6572 | D:7      | Reached XP level 9. HP: 45/45 MP: 13/25
  6727 | D:7      | Noticed raikaria's ghost (novice OgWz)
  6987 | D:7      | Reached skill level 10 in Conjurations
  7112 | D:7      | Found a staircase to the Ecumenical Temple.
  7135 | Temple   | Entered the Ecumenical Temple
  7286 | Temple   | Became a worshipper of Vehumet
  7405 | D:7      | Found a shimmering altar of Xom.
  7895 | D:7      | Killed raikaria's ghost
  7895 | D:7      | Reached skill level 11 in Spellcasting
  8230 | D:7      | Reached * piety under Vehumet
  8230 | D:7      | Offered knowledge of Freeze by Vehumet.
  8465 | D:4      | Bought 2 potions of magic for 160 gold pieces
  8465 | D:4      | Bought a potion of heal wounds for 50 gold pieces
  8465 | D:4      | Bought a potion of heal wounds for 50 gold pieces
  8465 | D:4      | Bought a potion of resistance for 100 gold pieces
  8557 | D:8      | Reached XP level 10. HP: 50/50 MP: 22/27
  8908 | D:8      | Reached skill level 12 in Spellcasting
  9420 | D:8      | Noticed a two-headed ogre
  9426 | D:8      | Killed a two-headed ogre
  9826 | D:8      | Reached ** piety under Vehumet
  9826 | D:8      | Offered knowledge of Throw Frost by Vehumet.
  9990 | D:8      | Reached skill level 13 in Spellcasting
 10033 | D:8      | Found Xor Zuel's Elemental Accessories.
 11434 | D:9      | Offered knowledge of Inner Flame by Vehumet.
 11434 | D:9      | Reached XP level 11. HP: 54/54 MP: 20/30
 12003 | D:9      | Found Vegulef's Assorted Antiques.
 12326 | D:10     | Entered Level 10 of the Dungeon
 12456 | D:10     | Found a staircase to the Orcish Mines.
 12530 | D:10     | Reached *** piety under Vehumet
 12551 | D:10     | Reached skill level 14 in Spellcasting
 12617 | D:10     | Found a staircase to the Lair.
 12704 | D:10     | Offered knowledge of Airstrike by Vehumet.
 13219 | Lair:1   | Entered Level 1 of the Lair of Beasts
 13231 | Lair:1   | Reached skill level 10 in Hexes
 14362 | Lair:2   | Noticed a four-headed hydra
 14366 | Lair:2   | Killed a four-headed hydra
 14535 | Lair:2   | Reached skill level 15 in Spellcasting
 14750 | Lair:2   | Noticed Totori's ghost (journeyman TrMo)
 14757 | Lair:2   | Killed Totori's ghost
 14872 | Lair:2   | Noticed a five-headed hydra
 14877 | Lair:2   | Killed a five-headed hydra
 14929 | Lair:2   | Reached XP level 12. HP: 59/59 MP: 24/33
 14952 | Lair:2   | Reached **** piety under Vehumet
 15510 | Lair:3   | Offered knowledge of Bolt of Draining by Vehumet.
 15884 | Lair:3   | Noticed a seven-headed hydra
 15889 | Lair:3   | Killed a seven-headed hydra
 15973 | Lair:3   | Reached skill level 16 in Spellcasting
 16377 | Lair:3   | Noticed a five-headed hydra
 16521 | Lair:3   | Reached ***** piety under Vehumet
 16527 | Lair:3   | Noticed Rupert
 17118 | Lair:3   | Offered knowledge of Bolt of Magma by Vehumet.
 17118 | Lair:3   | Reached skill level 15 in Conjurations
 17225 | Lair:3   | Killed from afar by an oklob plant

Skill      XL: |  1  2  3  4  5  6  7  8  9 10 11 12 |
---------------+-------------------------------------+-----
Conjurations   | 5 6 7 8 9 11 12 14 15 | 15.0
Spellcasting   | 4 5 7 8 10 11 13 15 16 | 16.6
Hexes          | 1 2 3 4 5 7 9 10 11 | 11.8
Dodging        | |  2.4
Stealth        | |  2.4

Action                   |  1- 3 |  4- 6 |  7- 9 | 10-12 || total
-------------------------+-------+-------+-------+-------++-------
Melee: Short sword       |     4 |     3 |       |       ||     7
       Staff             |       |       |    13 |     4 ||    17
 Cast: Magic Dart        |    70 |    97 |   161 |   339 ||   667
       Iskenderun's Myst |       |     8 |    65 |   222 ||   295
       Searing Ray       |       |     2 |     7 |    15 ||    24
       Conjure Flame     |       |       |     2 |    11 ||    13
       Fulminant Prism   |       |       |       |    16 ||    16
  Use: Scroll            |     3 |     1 |     4 |     7 ||    15
       Potion            |       |       |       |     3 ||     3
  Eat: Chunk             |     2 |     6 |    11 |    21 ||    40
       Fruit             |       |     6 |       |     2 ||     8
       Royal jelly       |       |       |     1 |     2 ||     3
Armor: Robe              |     1 |     5 |    14 |    32 ||    52
Dodge: Dodged            |     8 |    14 |    34 |   122 ||   178
